 Dungeon Crawl Stone Soup version 0.21.1-1-g345015f (webtiles) character file.

110 spiff the Gusty (level 4, -1/26 HPs)
             Began as a Tengu Air Elementalist on July 25, 2018.
             Slain by an orc priest
             ... wielding a +0 short sword
              (6 damage)
             ... on level 3 of the Dungeon.
             The game lasted 00:08:34 (3401 turns).

spiff the Gusty (Tengu Air Elementalist)            Turns: 3401, Time: 00:08:34

Health: -1/26      AC:  2    Str:  8    XL:     4   Next: 91%
Magic:  0/9        EV: 13    Int: 16    God:
Gold:   200        SH:  0    Dex: 15    Spells: 4/8 levels left

rFire    . . .     SeeInvis .   r - staff of poison (curse)
rCold    . . .     Gourm    .   (no shield)
rNeg     . . .     Faith    .   a - +0 robe
rPois    +         Spirit   .   (helmet restricted)
rElec    .         Reflect  .   (no cloak)
rCorr    .         Harm     .   (no gloves)
MR       .....                  (boots unavailable)
Stlth    ++........             (no amulet)
HPRegen  0.08/turn              (no ring)
MPRegen  0.11/turn              (no ring)

@: very slightly contaminated
A: beak, talons 3
a: no special abilities


You were on level 3 of the Dungeon.
You were not hungry.

You visited 1 branch of the dungeon, and saw 3 of its levels.

You collected 200 gold pieces.

Inventory:

Hand Weapons
 e - a +0 whip
 o - a +1 dagger of holy wrath
 s - a cursed -2 mace
 u - a +2 whip of draining
Armour
 a - a +0 robe (worn)
Magical Staves
 r - a cursed staff of poison (weapon)
Scrolls
 g - 3 scrolls of remove curse {unknown}
 i - 4 scrolls of identify {unknown}
 j - a scroll of amnesia {unknown}
 l - 2 scrolls of enchant weapon {unknown}
 n - 2 scrolls of teleportation {unknown}
 p - a scroll of blinking {unknown}
 t - a scroll of random uselessness {unknown}
 v - a scroll of enchant armour {unknown}
Potions
 d - a potion of lignification {unknown}
 f - a potion of agility {unknown}
 h - a potion of curing {unknown}
 k - a potion of ambrosia {unknown}
 m - a potion of mutation {unknown}
 q - 2 potions of heal wounds {unknown}
Books
 b - a book of Air

   Spells                             Type                      Level
   a - Shock                          Conjuration/Air              1
   b - Swiftness                      Charms/Air                   2
   c - Static Discharge               Conjuration/Air              3
   d - Airstrike                      Air                          4
   e - Lightning Bolt                 Conjuration/Air              5
Comestibles
 c - 7 rations
 w - 4 chunks of flesh


   Skills:
 + Level 2.0 Fighting
 - Level 2.1 Dodging
 - Level 2.0 Stealth
 + Level 2.8 Spellcasting
 + Level 3.1 Conjurations
 + Level 4.9 Air Magic


You had 4 spell levels left.
You knew the following spells:

 Your Spells              Type           Power        Failure   Level  Hunger
a - Shock                 Conj/Air       ###.         3%          1    #......
b - Static Discharge      Conj/Air       ###.....     11%         3    ###....


Dungeon Overview and Level Annotations

Branches:
Dungeon (3/15)

Altars:


Innate Abilities, Weirdness & Mutations

You have a beak for a mouth.
You have claws for feet.


Message History

Casting: Shock
Confirm with . or Enter, or press ? or * to list all spells.
Aiming: Shock
Press: ? - help, Shift-Dir - straight line The zap hits the orc priest.
The orc priest appears unharmed.
The orc priest is moderately wounded.
The zap hits the orc priest.
The orc priest is heavily wounded.
The orc priest hits you but does no damage.
You hit the orc priest. You peck the orc priest.
The orc priest is severely wounded.
The orc priest calls down the wrath of Beogh upon you.
Beogh smites you!
Ouch! That really hurt!
* * * LOW HITPOINT WARNING * * *
You hit the orc priest. Your kick misses the orc priest.
The orc priest is almost dead.
The orc priest closely misses you.
The orc priest hits you with a short sword.
You die...

#.####......# #.# #...
###.##...#....###.###..#
#................<......
######.#####............ #..#
#............ ###.##
#............ ###...#
###............
#######..)######..............
##...#...##.[o@...#............
##.........#.#######............
#............# #.............
#...........## ##...........#.
#...........# #..............
##.........## #..##...รท.....##
##...#...## #.[.....<......##
######### #..#....(........#
..#..............#


You could see an orc priest.

Vanquished Creatures
  Robin (D:2)
  3 adders (D:2)
  A worm (D:2)
  3 leopard geckos
  6 orcs (D:3)
  2 giant cockroaches
  11 goblins
  7 hobgoblins
  4 jackals (D:3)
  2 quokkas (D:2)
  6 bats
  5 kobolds
  4 rats
55 creatures vanquished.

Notes
Turn   | Place    | Note
-------+----------+-------------------------------------------
     0 | D:1      | spiff the Tengu Air Elementalist began the quest for the Orb.
     0 | D:1      | Reached XP level 1. HP: 10/10 MP: 4/4
   350 | D:1      | Reached XP level 2. HP: 16/16 MP: 3/6
  1031 | D:2      | Noticed Robin
  1035 | D:2      | Reached skill level 1 in Fighting
  1146 | D:2      | Reached XP level 3. HP: 15/20 MP: 1/7
  1578 | D:2      | Learned a level 3 spell: Static Discharge
  2028 | D:2      | Reached XP level 4. HP: 25/25 MP: 3/8
  2395 | D:2      | Killed Robin
  3401 | D:3      | Slain by an orc priest

Skill      XL: |  1  2  3  4 |
---------------+-------------+-----
Conjurations   | 2 3 |  3.1
Fighting       | 1 2 |  2.0
Dodging        | |  2.1
Stealth        | |  2.0
Spellcasting   | |  2.8
Air Magic      | |  4.9

Action                   |  1- 3 |  4- 6 || total
-------------------------+-------+-------++-------
Melee: Unarmed           |     2 |       ||     2
       Whip              |     1 |     1 ||     2
       Dagger            |       |    17 ||    17
       Peck              |       |     4 ||     4
       Staff             |       |     2 ||     2
       Kick              |       |     1 ||     1
 Cast: Shock             |    55 |    35 ||    90
       Static Discharge  |     1 |     7 ||     8
  Eat: Chunk             |     3 |     6 ||     9
Armor: Robe              |     6 |     6 ||    12
Dodge: Dodged            |    13 |    22 ||    35
